Map: [ESL] Inside and Out

Players

Rob

  • Race: Protoss Protoss
  • Spawn Location: 1:00

binski - Winner!

  • Race: Terran Terran
  • Spawn Location: 7:00

Event: DreamHack SC2 Masters 2022 Atlanta (Offline)

VOD

Have the link to the VOD?

Description

Time

  • Played on: Nov. 18, 2022, noon
  • Length: 5:25

All games in this series

Show
View Real Time Build Order
Export as new Build Order

Rob Protoss 

Build Orders: 1 Gate Expand, Phoenix Opening 

Get SALT Encoding   

  12  0:00  Probe  
  13  0:12  Probe  
  14  0:18  Pylon  
  14  0:24  Probe (Chrono Boost)  
  15  0:36  Probe (Chrono Boost)  
  15  0:38  Gateway  
  16  0:44  Probe (Chrono Boost)  
  16  0:45  Assimilator  
  17  0:51  Probe  
  18  1:03  Probe  
  19  1:15  Probe  
  20  1:26  Cybernetics Core  
  20  1:34  Nexus  
  20  1:38  Pylon  
  20  1:42  Probe (Chrono Boost)  
  21  1:47  Assimilator  
  21  1:51  Probe (Chrono Boost)  
  22  1:56  Probe (Chrono Boost)  
  23  2:01  Adept (Chrono Boost)  
  24  2:08  Probe  
  25  2:19  Stargate  
  25  2:20  Probe  
  26  2:24  Adept  
  28  2:33  Probe  
  29  2:46  Probe (Chrono Boost)  
  29  2:50  Probe (Chrono Boost)  
  31  2:51  Gateway  
  31  2:54  Shield Battery  
  31  2:55  Probe (Chrono Boost)  
  33  2:58  Probe (Chrono Boost)  
  34  3:07  Phoenix (Chrono Boost)  
  34  3:09  Probe  
  34  3:10  Probe  
  36  3:24  Probe  
  36  3:25  Probe  
  37  3:29  Phoenix (Chrono Boost)  
  39  3:36  Probe  
  39  3:37  Probe  
  39  3:41  Robotics Facility  
  41  3:48  Probe  
  41  3:49  Probe  
  41  3:59  Phoenix (Chrono Boost)  
  41  4:01  Probe x2  
  45  4:03  Assimilator  
  45  4:13  Probe  
  45  4:15  Pylon  
  46  4:33  Probe x2, Stalker x2, Pylon  
  46  4:34  Robotics Bay  
  52  4:42  Pylon  
  52  4:45  Probe x2  
  53  5:03  Probe x2  
Show
View Real Time Build Order
Export as new Build Order

binski Terran - Winner!

Build Orders:  

Get SALT Encoding   

  12  0:00  SCV  
  13  0:12  SCV  
  14  0:17  Supply Depot  
  14  0:24  SCV  
  15  0:39  SCV  
  15  0:40  Barracks  
  16  0:44  Refinery  
  16  0:51  SCV  
  16  0:53  Refinery  
  17  1:03  SCV  
  18  1:15  SCV  
  19  1:27  Reaper  
  19  1:28  Supply Depot, Orbital Command  
  20  1:44  Factory  
  20  1:53  SCV  
  21  1:59  Reaper  
  22  2:05  SCV  
  23  2:17  SCV  
  23  2:19  Command Center  
  24  2:29  Hellion, SCV  
  27  2:36  Supply Depot  
  27  2:37  Barracks Reactor  
  27  2:41  SCV  
  28  2:48  Starport  
  28  2:52  Widow Mine  
  28  2:55  SCV  
  30  3:07  SCV  
  31  3:14  Factory Tech Lab  
  31  3:15  Marine x2  
  31  3:19  SCV  
  31  3:28  Viking  
  31  3:31  SCV  
  31  3:33  Cyclone  
  37  3:36  Marine x2  
  39  3:43  SCV  
  39  3:45  Orbital Command  
  40  3:54  Marine  
  40  3:55  SCV  
  42  4:01  Medivac  
  44  4:04  Marine  
  44  4:05  Cyclone  
  44  4:07  SCV  
  49  4:13  Supply Depot  
  49  4:16  SCV  
  50  4:17  Marine  
  50  4:19  SCV  
  50  4:22  Marine  
  50  4:23  Supply Depot  
  53  4:28  SCV  
  54  4:32  Barracks  
  54  4:34  Viking  
  54  4:35  SCV  
  54  4:36  Marine  
  58  4:40  Marine  
  58  4:44  SCV  
  59  4:47  Cyclone, SCV  
  61  4:57  SCV  
  61  4:59  SCV  
  63  5:02  Marine x2  
  67  5:09  SCV  
  67  5:12  SCV  
Tags
 
Add a new tag
Caveats
  • Supply blocks, unpowered buildings, or Contaminate may cause inaccurate times.
  • Supply counts are checked every 10 seconds.